 Dungeon Crawl Stone Soup version 0.29.1-15-g9cfb28693d (webtiles) character file.

Game seed: 10397460414813015782

11 leafyfresh the Sneak (level 2, -6/21 HPs)
             Began as an Octopode Delver on Mar 9, 2023.
             Mangled by an ogre
             ... wielding a +0 giant club
              (18 damage)
             ... on level 4 of the Dungeon.
             The game lasted 00:00:45 (204 turns).

leafyfresh the Sneak (Octopode Delver)               Turns: 204, Time: 00:00:46

Health: -6/21      AC:  1    Str: 11    XL:     2   Next: 29%
Magic:  2/2        EV: 13    Int: 12    God:
Gold:   18         SH:  0    Dex: 13    Spells: 1/1 levels left

rFire   . . .      SeeInvis .   a - +0 short sword
rCold   . . .      Faith    .   (no shield)
rNeg    . . .      Spirit   .   (helmet restricted)
rPois   .          Reflect  .   (no amulet)
rElec   .          Harm     .   (no ring)
rCorr   .          Rampage  .   (no ring)
Will    .....                   (no ring)
Stlth   ++++......              (no ring)
HPRegen 0.07/turn               (no ring)
MPRegen 0.08/turn               (no ring)
                                (no ring)
                                (no ring)

@: no status effects
A: almost no armour, amphibious, 8 rings, camouflage 1, gelatinous body 1,
(nimble swimmer 1), tentacles
a: no special abilities


You were on level 4 of the Dungeon.
You visited 1 branch of the dungeon, and saw 2 of its levels.

You collected 18 gold pieces.

Inventory:

Hand Weapons
 a - a +0 short sword (weapon)
Wands
 f - a wand of digging (3)
Scrolls
 b - a scroll of fog
 c - a scroll of magic mapping
 d - a scroll of fear
 g - a scroll of enchant weapon {unknown}
Potions
 e - a potion of haste


   Skills:
 + Level 3.1 Fighting
 + Level 2.2 Short Blades
 + Level 2.2 Dodging
 + Level 6.8 Stealth


You had one spell level left.
You didn't know any spells.
Your spell library was empty.

Dungeon Overview and Level Annotations

Branches:
Dungeon (5/15)
 Temple: D:4-7

Altars:


Innate Abilities, Weirdness & Mutations

You cannot wear most types of armour.
You are amphibious.
You can wear up to eight rings at the same time.
Your skin changes colour to match your surroundings (Stealth+).
Your rubbery body absorbs attacks. (AC +1, EV +1)
((You are camouflaged when in or above water. (Stealth+)))
You have tentacles for arms and can constrict up to eight enemies at once.


Message History

The adder closely misses you. The adder bites you.
You hit the adder but do no damage.
The adder is lightly wounded.
You constrict the adder. The adder bites you.
You hit the adder.
The adder is heavily wounded.
You constrict the adder. The adder bites you.
You completely miss the adder. You tentacle-slap the adder.
You kill the adder!
You have reached level 2!
A dart slug comes into view.
A dart slug is nearby!
You strike the helpless dart slug from behind!
You puncture the dart slug! You grab the dart slug.
The dart slug is almost dead.
You constrict the dart slug.
You kill the dart slug!
Key pressed, stopping explore.
No target in view!
HP restored.
An ogre comes into view. It is wielding a +0 giant club.
An ogre is nearby!
The helpless ogre fails to defend itself.
You puncture the ogre!
The ogre is heavily wounded.
The ogre closely misses you.
An ogre is nearby!
You hit the ogre.
The ogre is severely wounded.
The ogre barely misses you.
You hit the ogre but do no damage.
The ogre is severely wounded.
You barely miss the ogre.
The ogre is severely wounded.
The ogre hits you with a +0 giant club!
You hit the ogre but do no damage. You squeeze the ogre!
The ogre is almost dead.
The ogre hits you with a +0 giant club!!
Ouch! That really hurt!
You die...

... ## .. ##. .###. .
##.###.#. .##
#...#...# ..#
#...#...#####...#
#####...#...#...#...#
.....#.###.#.....#
#######...###...##
#.....#.###@#
#.#...#...#.O.#
#.#####...#...# #
#...#...# .#.###.#.
.###. .###. # ..# #


You could see an ogre.

Vanquished Creatures
  An adder (D:4)
  A dart slug (D:4)
2 creatures vanquished.

Notes
Turn   | Place    | Note
-------+----------+-------------------------------------------
     0 | D:5      | leafyfresh the Octopode Delver began the quest for the Orb.
     0 | D:5      | Reached XP level 1. HP: 16/16 MP: 1/1
    20 | D:5      | Noticed an orc wizard
    71 | D:4      | Reached XP level 2. HP: 12/21 MP: 2/2
   198 | D:4      | Noticed an ogre
   204 | D:4      | Mangled by an ogre

Illustrated notes

Levels and vault maps discovered:
D:4:      nicolae_cairo_tiling, layout_loops_ring,
          nicolae_sif_muna_condensation, ebering_ghost_gozag, grunt_decor_cap,
          minmay_ruined_shrine, uniq_pikel
D:5:      layout_rooms, serial_shops, kennysheep_mini

Action                   || total
-------------------------++-------
Melee: Short sword       ||    10
       Constrict         ||     2
       Punch             ||     1
       Tentacles         ||     1
 Stab: Distracted        ||     1
       Sleeping          ||     1
Dodge: Dodged            ||     3
